 Dungeon Crawl Stone Soup version 0.29-a0-914-g906f1d757c (webtiles) character file.

Game seed: 4045368828764006254

34 wilfster70 the Magician (level 3, -6/25 HPs)
             Began as a Djinni Venom Mage on July 26, 2022.
             Shot with a bolt by a hobgoblin (15 damage)
             ... on level 2 of the Dungeon.
             The game lasted 00:03:44 (2136 turns).

wilfster70 the Magician (Djinni Venom Mage)         Turns: 2136, Time: 00:03:45

Health: -6/25      AC:  3    Str:  7    XL:     3   Next: 50%
Gold:   74         EV: 12    Int: 18    God:
                   SH:  0    Dex: 13

rFire   + + .      SeeInvis .   a - +1 short sword (drain)
rCold   x . .      Faith    .   (no shield)
rNeg    . . .      Spirit   .   e - +1 robe
rPois   ∞          Reflect  .   (no helmet)
rElec   .          Harm     .   (no cloak)
rCorr   .          Rampage  .   (no gloves)
Will    .....                   (boots unavailable)
Stlth   ++........              (no amulet)
HPRegen 0.08/turn               (no ring)
MPRegen 0.00/turn               (no ring)

@: flying
A: sickness immunity, fire resistance 2, cold vulnerability 1, float, innate
caster, HP casting, extra vitality 1
a: no special abilities


You were on level 2 of the Dungeon.
You visited 1 branch of the dungeon, and saw 2 of its levels.

You collected 74 gold pieces.

Inventory:

Hand Weapons
 a - a +1 short sword of draining (weapon)
Missiles
 f - 2 poisoned darts
Armour
 e - a +1 robe (worn)
Jewellery
 g - an amulet of reflection
Scrolls
 h - 2 scrolls of butterflies
 r - a scroll of identify
Potions
 b - a potion of curing
 c - 2 potions of heal wounds
 d - a potion of resistance {unknown}
 j - a potion of might {unknown}


   Skills:
 - Level 2.1 Dodging
 - Level 1.5 Stealth
 + Level 3.4 Spellcasting


You couldn't memorise any spells.
You knew the following spells:

 Your Spells              Type           Power      Damage    Failure   Level
a - Sting                 Tmut/Pois      60%        1d6       3%          1
b - Poisonous Vapours     Pois/Air       30%        N/A       6%          2
c - Mephitic Cloud        Conj/Pois/Air  15%        N/A       12%         3
d - Olgreb's Toxic Radia  Pois           15%        N/A       36%         4
e - Necrotise             Necr           60%        1d7       3%          1
Your spell library was empty.

Dungeon Overview and Level Annotations

Branches:
Dungeon (2/15)

Altars:


Innate Abilities, Weirdness & Mutations

You are immune to sickness and miasma.
You are immune to poison.
Your flesh is very heat resistant. (rF++)
You are vulnerable to cold. (rC-)
You float through the air rather than walking.
You learn spells naturally, not from books.
Your magical power is your life essence.
You have superior vitality. (+4 MHP)


Message History

Aiming: Poisonous Vapours (safe; 6% risk of failure)
Press: ? - help, Dir - move target, f - kobold
Aim: a kobold, wielding a +2 hand axe of electrocution and quivering stones Poisonous vapours surround the kobold!
The kobold is poisoned.
Casting: Poisonous Vapours (safe; 6% risk of failure)
Confirm with . or Enter, or press ? or * to list all spells.
Aiming: Poisonous Vapours (safe; 6% risk of failure)
Press: ? - help, Dir - move target, f/p - kobold
Aim: a kobold, wielding a +2 hand axe of electrocution and quivering stones (moderately wounded, poisoned) Poisonous vapours surround the kobold!
The kobold looks even sicker.
The kobold throws a stone.
The stone misses you.
Casting: Poisonous Vapours (safe; 6% risk of failure)
Confirm with . or Enter, or press ? or * to list all spells.
Aiming: Sting (safe; 4% risk of failure)
Press: ? - help, Shift-Dir - straight line, f/p - kobold
Aim: a kobold, wielding a +2 hand axe of electrocution and quivering stones (heavily wounded, very poisoned, 67% to hit)
The sting hits the kobold.
The kobold looks even sicker.
You kill the kobold!
Casting: Sting (safe; 3% risk of failure)
Confirm with . or Enter, or press ? or * to list all spells.
You can't see any susceptible monsters within range! (Use Z to cast anyway.)
You now have 74 gold pieces (gained 11).
Things that are here:
a +2 hand axe of electrocution; 3 stones; a kobold corpse You start resting.
HP restored.
A hobgoblin comes into view. It is wielding a +0 arbalest.
The hobgoblin shouts!
The hobgoblin shoots a bolt.
The bolt closely misses you.
The hobgoblin shoots a bolt.
The bolt hits you.
The hobgoblin shoots a bolt.
The bolt hits you!
Casting: Sting (safe; 3% risk of failure)
Confirm with . or Enter, or press ? or * to list all spells.
Aiming: Poisonous Vapours (safe; 6% risk of failure)
Press: ? - help, Dir - move target, f - hobgoblin
Aim: a hobgoblin, wielding a +0 arbalest Poisonous vapours surround the hobgoblin!
The hobgoblin is poisoned.
The hobgoblin shoots a bolt.
The bolt hits you!
Ouch! That really hurt!
You die...

##...##.# ##.#......#
#.....#.#####.......##
........#.....)..#.##
<<.......#....#.####
.........<...####
#.....#.......#.####
##....######.....#.##
#####.# #.#......##
..###.# #.##.@....#
......# #........##
#.###.# #..#.#..g.#
#.# #.# #..#.##....#
#.# #.# #. #.# ...##
#.# #.# #. #.# ....#
#.# #.. . #.. ....#
#.# ## .### #.#


You could see a hobgoblin (poisoned).

Vanquished Creatures
  A worm (D:2)
  4 ball pythons
  An endoplasm (D:1)
  A giant cockroach (D:1)
  3 goblins
  2 hobgoblins (D:1)
  3 kobolds
  2 quokkas (D:1)
  6 bats
  2 frilled lizards (D:1)
  2 rats
27 creatures vanquished.

Notes
Turn   | Place    | Note
-------+----------+-------------------------------------------
     0 | D:1      | wilfster70 the Djinni Venom Mage began the quest for the
                  | Orb.
     0 | D:1      | wilfster70 set off with the following spells memorised:
                  | Sting, Poisonous Vapours, Mephitic Cloud, Olgreb's Toxic
                  | Radiance.
     0 | D:1      | Reached XP level 1. HP: 15/15 MP: 0/0
   435 | D:1      | Reached XP level 2. HP: 16/21 MP: 0/0
   693 | D:1      | Reached skill level 3 in Spellcasting
  1194 | D:1      | Reached XP level 3. HP: 17/25 MP: 0/0
  1194 | D:1      | Learned a level 1 spell: Necrotise
  2136 | D:2      | Shot with a bolt by a hobgoblin

Illustrated notes

Levels and vault maps discovered:
D:1:      grunt_arrival_crossed_arrows, layout_loops_ring
D:2:      layout_loops_ring, nicolae_figureground_sparkle

Skill      XL: |  1  2 |
---------------+-------+-----
Spellcasting   | 3 |  3.4
Dodging        | |  2.1
Stealth        | |  1.5

Action                   || total
-------------------------++-------
Melee: Short sword       ||    19
 Cast: Sting             ||    33
       Poisonous Vapours ||    24
  Use: Scroll            ||     4
Armor: Robe              ||     8
Dodge: Dodged            ||    27

Table legend: (Time is in decaauts)
 A = Elapsed time spent in this place.
 B = Non-inter-level travel time spent in this place.
 C = Inter-level travel time spent in this place.
 D = Time resting spent in this place.
 E = Time spent auto-exploring this place.
 F = Levels seen in this place.
 G = Mean time per level.
                   A        B        C        D        E       F      G
               +--------+--------+--------+--------+--------+-----+--------+
         Total |   2137 |   2110 |     27 |    930 |    736 |   2 | 1068.5 |
       Dungeon |   2137 |   2110 |     27 |    930 |    736 |   2 | 1068.5 |
               +--------+--------+--------+--------+--------+-----+--------+

Top non-repeatable levels by time:
     D:1: 1740 daAuts
     D:2: 396 daAuts
